 Dungeon Crawl Stone Soup version 0.29-a0-284-gf9362112df (webtiles) character file.

Game seed: 7449579880405845778

1388 Ijustatesigmund the Fighter (level 8, -7/74 HPs)
             Began as a Minotaur Monk on Mar 15, 2022.
             Mangled by an orc warrior
             ... wielding a +0 battleaxe
              (8 damage)
             ... on level 6 of the Dungeon.
             The game lasted 00:07:02 (5222 turns).

Ijustatesigmund the Fighter (Minotaur Monk)         Turns: 5222, Time: 00:07:04

Health: -7/74      AC: 13    Str: 18    XL:     8   Next: 40%
Magic:  7/7        EV:  8    Int:  7    God:
Gold:   93         SH:  0    Dex: 13    Spells: 7/7 levels left

rFire   + . .      SeeInvis .   a - +0 war axe
rCold   + + .      Faith    .   (no shield)
rNeg    . . .      Spirit   .   b - +0 chain mail
rPois   +          Reflect  .   (helmet restricted)
rElec   +          Harm     .   (no cloak)
rCorr   +          Rampage  .   m - +0 pair of gloves
Will    .....                   o - +0 pair of boots {Fly}
Stlth   ..........              (no amulet)
HPRegen 0.22/turn               k - ring of poison resistance
MPRegen 0.10/turn               n - ring of protection from cold

@: resistant, attractive, flying
A: horns 2, retaliatory headbutt
a: no special abilities


You were on level 6 of the Dungeon.
You visited 1 branch of the dungeon, and saw 6 of its levels.

You collected 231 gold pieces.
You spent 138 gold pieces at shops.

Inventory:

Hand Weapons
 a - a +0 war axe (weapon)
Armour
 b - a +0 chain mail (worn)
 m - a +0 pair of gloves (worn)
 o - a +0 pair of boots of flying (worn)
Jewellery
 k - a ring of poison resistance (left hand)
 n - a ring of protection from cold (right hand)
Wands
 j - a wand of charming (12)
 l - a wand of flame (9)
Scrolls
 d - a scroll of teleportation
 f - 2 scrolls of enchant weapon
 h - 2 scrolls of blinking
 p - a scroll of magic mapping
 s - a scroll of identify
Potions
 c - a potion of ambrosia
 e - a potion of curing
 g - a potion of mutation
 i - a potion of brilliance


   Skills:
 + Level 8.1 Fighting
 + Level 8.0 Axes
 + Level 6.9 Armour
 - Level 3.2 Dodging
 - Level 1.5 Stealth


You had 7 spell levels left.
You didn't know any spells.
Your spell library contained the following spells:

 Spells                   Type           Power      Damage    Failure   Level
 Animate Skeleton         Necr           0%         N/A       99%         1
 Apportation              Tloc           0%         N/A       99%         1
 Summon Small Mammal      Summ           0%         N/A       99%         1
 Chain Lightning          Conj/Air       0%         N/A       100%        9
 Fire Storm               Conj/Fire      0%         5d1       100%        9
 Shatter                  Erth           0%         3d5*      100%        9


Dungeon Overview and Level Annotations

Branches:
Dungeon (6/15)
 Temple: D:4-7

Altars:
Nemelex Xobeh

Shops:
D:3 [   D:4 !(==


Innate Abilities, Weirdness & Mutations

You have a pair of horns on your head.
You reflexively headbutt those who attack you in melee.


Message History

You hit something but do no damage. Something hits you but does no damage.
The orc warrior hits you with a +0 battleaxe.
* * * LOW HITPOINT WARNING * * *
You feel better. Something hits you but does no damage.
The orc warrior barely misses you.
You hit the orc warrior.
The orc warrior is almost dead.
You barely miss something.
You hear some strange, mumbled words.
A magic dart appears from out of thin air!
The magic dart hits you.
The orc warrior hits you with a +0 battleaxe!
* * * LOW HITPOINT WARNING * * *
You closely miss the orc warrior. Your headbutt misses the orc warrior.
The orc warrior is almost dead.
You miss something.
The orc warrior hits you with a +0 battleaxe!
* * * LOW HITPOINT WARNING * * *
Something hits you but does no damage.
Unknown command.
You feel better. Something hits you but does no damage.
The orc warrior hits you with a +0 battleaxe.
* * * LOW HITPOINT WARNING * * *
You feel better.
The orc warrior hits you with a +0 battleaxe.
* * * LOW HITPOINT WARNING * * *
Something hits you but does no damage.
You hit the orc warrior but do no damage.
Your headbutt misses the orc warrior.
The orc warrior is almost dead.
You miss something. Something hits you but does no damage.
The orc warrior hits you with a +0 battleaxe.
* * * LOW HITPOINT WARNING * * *
You hit the orc warrior but do no damage.
The orc warrior is almost dead.
You miss something. Something hits you but does no damage.
The orc warrior hits you with a +0 battleaxe!
* * * LOW HITPOINT WARNING * * *
The orc warrior hits you with a +0 battleaxe!
You die...

### #......... #<#
#.........
#######.####.........
.....................
#######...###########
############.##### #..
.................# #.#
........#'######.#####..
......)@...# #........
...$..{o)..# ###..#####.
...........# ........#..
...........# #........
......$.#.#." #....!#..
..........#.#. #.....#.#
........###.# .#.....#.#
###.....# #.....#.#
#.....#.#


You could see an orc warrior.

Vanquished Creatures
  Grinder (D:3)
  A water moccasin (D:5)
  2 black bears (D:5)
  An ogre (D:6)
  A phantom (D:2)
  2 scorpions (D:5)
  5 hounds
  3 orc priests (D:4)
  An iguana (D:6)
  Ijyb (D:3)
  6 orc wizards
  10 adders
  A shadow imp (D:6)
  A white imp (D:6)
  A worm (D:2)
  2 dart slugs
  17 orcs
  5 ball pythons
  5 bats
  7 endoplasms
  10 hobgoblins
  2 jackals (D:2)
  3 quokkas
  5 frilled lizards
  3 goblins
  5 kobolds
  5 rats
106 creatures vanquished.

Notes
Turn   | Place    | Note
-------+----------+-------------------------------------------
     0 | D:1      | Ijustatesigmund the Minotaur Monk began the quest for the
                  | Orb.
     0 | D:1      | Reached XP level 1. HP: 19/19 MP: 0/0
   235 | D:1      | Reached skill level 1 in Armour
   236 | D:1      | Reached XP level 2. HP: 27/27 MP: 1/1
   686 | D:2      | Reached XP level 3. HP: 24/33 MP: 2/2
  1254 | D:2      | Reached XP level 4. HP: 41/41 MP: 3/3
  1371 | D:2      | Found a faded altar of an unknown god.
  1537 | D:2      | Noticed a phantom
  1552 | D:2      | Killed a phantom
  1553 | D:2      | Reached skill level 5 in Fighting
  1553 | D:2      | Reached skill level 5 in Axes
  1553 | D:2      | Reached XP level 5. HP: 36/48 MP: 4/4
  1814 | D:3      | Noticed Ijyb
  1824 | D:3      | Killed Ijyb
  2089 | D:3      | Found Uxkigg's Armour Boutique.
  2095 | D:3      | Bought a +0 pair of boots of flying for 138 gold pieces
  2191 | D:3      | Noticed Grinder
  2192 | D:3      | Paralysed by Grinder for 6 turns
  2207 | D:3      | Killed Grinder
  2208 | D:3      | Reached XP level 6. HP: 23/57 MP: 5/5
  2714 | D:4      | Found Hiamow's Jewellery Emporium.
  2793 | D:4      | Found Ryof's Jewellery Emporium.
  2814 | D:4      | Reached XP level 7. HP: 24/64 MP: 6/6
  3176 | D:4      | Reached skill level 5 in Armour
  3380 | D:4      | Found a sparkling altar of Nemelex Xobeh.
  3838 | D:4      | Found Aqoneur's Weapon Shop.
  3872 | D:4      | Found Kohaalyka's Distillery.
  4191 | D:5      | Entered Level 5 of the Dungeon
  4590 | D:5      | Reached XP level 8. HP: 72/73 MP: 7/7
  5218 | D:6      | HP: 3/74 [orc warrior/+0 battleaxe (16)]
  5222 | D:6      | HP: 1/74 [orc warrior/+0 battleaxe (8)]
  5222 | D:6      | Mangled by an orc warrior

Illustrated notes

Levels and vault maps discovered:
D:1:      dpeg_arrival_three_same_balls, layout_rooms, serial_curves,
          eino_curves_02, eino_curves_03, minmay_statues_item
D:2:      layout_basic, hellmonk_ecumenical_altar_dog_temple,
          amcnicky_mini_pool_small, dreamdust_princess_bridge
D:3:      layout_basic, serial_shops, shop, uniq_ijyb, uniq_grinder
D:4:      layout_basic, nemelex_diamond_rough_becter, serial_shops, shop, shop,
          nicolae_shop_advertising_works [nicolae_subvault_shop_adworks],
          nicolae_shop_crystal
D:5:      layout_basic, nrook_campfire
D:6:      layout_basic, okawaru_altar_gauntlet_db, kennysheep_mini,
          minmay_temple_entry_fiery

Skill      XL: |  1  2  3  4  5  6  7  8 |
---------------+-------------------------+-----
Armour         | 1 2 3 4 6 |  6.9
Fighting       | 4 5 6 7 8 |  8.1
Axes           | 4 5 6 7 8 |  8.0
Dodging        | |  3.2
Stealth        | |  1.5

Action                   |  1- 3 |  4- 6 |  7- 9 || total
-------------------------+-------+-------+-------++-------
Melee: Hand axe          |    88 |    94 |     7 ||   189
       Headbutt          |     9 |    15 |    24 ||    48
       Punch             |     1 |     1 |       ||     2
       War axe           |       |       |   110 ||   110
  Use: Scroll            |       |     8 |     3 ||    11
       Potion            |       |       |     6 ||     6
 Stab: Sleeping          |     3 |       |       ||     3
Armor: Robe              |     2 |       |       ||     2
       Chain mail        |    53 |    48 |    95 ||   196
Dodge: Dodged            |    37 |    48 |    50 ||   135

Table legend: (Time is in decaauts)
 A = Elapsed time spent in this place.
 B = Non-inter-level travel time spent in this place.
 C = Inter-level travel time spent in this place.
 D = Time resting spent in this place.
 E = Time spent auto-exploring this place.
 F = Levels seen in this place.
 G = Mean time per level.
                   A        B        C        D        E       F      G
               +--------+--------+--------+--------+--------+-----+--------+
         Total |   5247 |   5164 |     83 |   1379 |   3057 |   6 |  874.5 |
       Dungeon |   5247 |   5164 |     83 |   1379 |   3057 |   6 |  874.5 |
               +--------+--------+--------+--------+--------+-----+--------+

Top non-repeatable levels by time:
     D:4: 1482 daAuts
     D:2: 1074 daAuts
     D:3: 978 daAuts
     D:5: 790 daAuts
     D:1: 672 daAuts
     D:6: 250 daAuts
